PL
BUCKHEAD BOWTIES @ CHICAGO GOLD SOX
08/30/2024
 
TOP OF THE 1ST
Buckhead Bowties batting - Pitching for Chicago Gold Sox : RHP Plinio Pedrulho
Pitching: RHP Plinio Pedrulho
Batting: RHB Enrique Marroquín 0-0: Ball
1-0: SINGLE (Groundball, 56D)
Batting: LHB Neil Lawson 0-0: Ball
1-0: Called Strike
1-1: Ground out 4-3 (Groundball, 4M)
Enrique Marroquín to second
Batting: LHB Gregg Young 0-0: Ball
1-0: Called Strike
1-1: Swinging Strike
1-2: Fly out, F6 (Line Drive, 6)
Batting: LHB Mysterious Walker 0-0: Ball
1-0: SINGLE (Groundball, 34)
Enrique Marroquín to third
Runner from 3rd tries for Home, SAFE, no throw or cutoff
Batting: LHB Tony Martínez 0-0: Ball
1-0: Ball
Mysterious Walker is caught stealing 2nd base
Top of the 1st over - 1 run(s), 2 hit(s), 0 error(s), 0 left on base; Buckhead 1 - Chicago 0
BOTTOM OF THE 1ST
Chicago Gold Sox batting - Pitching for Buckhead Bowties : RHP Germán Rodríguez
Pitching: RHP Germán Rodríguez
Batting: RHB Rod Jones 0-0: Called Strike
0-1: Foul Ball, location: 2F
0-2: Ball
1-2: Fly out, F9 (Flyball, 9LM)
Batting: LHB William Wise 0-0: Fly out, F6 (Popup, 56D)
Batting: LHB Melvin Castro 0-0: Ball
1-0: Ball
2-0: Ball
3-0: Base on Balls
Batting: LHB Noel Ballard 0-0: Foul Ball, location: 2F
0-1: Fly out, F8 (Line Drive, 8LM)
Bottom of the 1st over - 0 run(s), 0 hit(s), 0 error(s), 1 left on base; Buckhead 1 - Chicago 0
TOP OF THE 2ND
Buckhead Bowties batting - Pitching for Chicago Gold Sox : RHP Plinio Pedrulho
Batting: LHB Tony Martínez 0-0: Called Strike
0-1: Ball
1-1: Ball
2-1: Ball
3-1: Foul Ball, location: 2F
3-2: Base on Balls
Batting: RHB Mike Brown 0-0: Called Strike
0-1: Reached on error, E1 (Groundball, 13)
Tony Martínez to second
Batting: RHB Gabriel Rodríguez 0-0: Ball
1-0: Ball
2-0: Called Strike
2-1: Foul Ball, location: 2F
2-2: Ball
3-2: Base on Balls
Tony Martínez to third
Mike Brown to second
Batting: RHB Won-min Yi 0-0: Ball
1-0: Swinging Strike
1-1: Called Strike
1-2: Ball
2-2: Fly out, F3 (Popup, 34S)
Batting: RHB Greg Robinson 0-0: Ball
1-0: Called Strike
1-1: Fly out, F4 (Popup, 34D)
Batting: RHB Enrique Marroquín 0-0: Called Strike
0-1: Ball
1-1: Swinging Strike
1-2: Ball
2-2: Hit by Pitch
Tony Martínez scores
Mike Brown to third
Gabriel Rodríguez to second
Batting: LHB Neil Lawson 0-0: Ball
1-0: Fly out, F6 (Popup, 6)
Top of the 2nd over - 1 run(s), 0 hit(s), 1 error(s), 3 left on base; Buckhead 2 - Chicago 0
BOTTOM OF THE 2ND
Chicago Gold Sox batting - Pitching for Buckhead Bowties : RHP Germán Rodríguez
Batting: LHB Eddie Flynn 0-0: Ball
1-0: Ball
2-0: Ball
3-0: Called Strike
3-1: Swinging Strike
3-2: Ground out 6-3 (Groundball, 6)
Batting: LHB Sam Good 0-0: Called Strike
0-1: Called Strike
0-2: Ball
1-2: Foul Ball, location: 2F
1-2: Ball
2-2: Strikes out looking
Batting: RHB Alfredo López 0-0: Called Strike
0-1: Ball
1-1: DOUBLE (Line Drive, 7LS)
Batting: LHB Chris Hill 0-0: Ball
Passed Ball!
Alfredo López to third
1-0: DOUBLE (Flyball, 8LXD)
Alfredo López scores
Batting: RHB Brady Ferris 0-0: Ball
1-0: Swinging Strike
1-1: Ball
2-1: Fly out, F9 (Flyball, 89M)
Bottom of the 2nd over - 1 run(s), 2 hit(s), 0 error(s), 1 left on base; Buckhead 2 - Chicago 1
TOP OF THE 3RD
Buckhead Bowties batting - Pitching for Chicago Gold Sox : RHP Plinio Pedrulho
Batting: LHB Gregg Young 0-0: Foul Ball, location: 2F
0-1: Ball
1-1: Ball
2-1: Ball
3-1: Fly out, F9 (Flyball, 89XD)
Batting: LHB Mysterious Walker 0-0: Called Strike
0-1: Foul Ball, location: 2F
0-2: Strikes out swinging
Batting: LHB Tony Martínez 0-0: Ball
1-0: Ball
2-0: Ball
3-0: Called Strike
3-1: Called Strike
3-2: Fly out, F7 (Flyball, 7S)
Top of the 3rd over - 0 run(s), 0 hit(s), 0 error(s), 0 left on base; Buckhead 2 - Chicago 1
BOTTOM OF THE 3RD
Chicago Gold Sox batting - Pitching for Buckhead Bowties : RHP Germán Rodríguez
Batting: RHB Rod Jones 0-0: Ball
1-0: Called Strike
1-1: Swinging Strike
1-2: Ball
2-2: Ball
3-2: Strikes out swinging
Batting: LHB William Wise 0-0: Ball
1-0: Ground out 4-3 (Groundball, 4)
Batting: LHB Melvin Castro 0-0: Called Strike
0-1: Swinging Strike
0-2: Strikes out looking
Bottom of the 3rd over - 0 run(s), 0 hit(s), 0 error(s), 0 left on base; Buckhead 2 - Chicago 1
TOP OF THE 4TH
Buckhead Bowties batting - Pitching for Chicago Gold Sox : RHP Plinio Pedrulho
Pitching: RHP Ramón Elizondo
Batting: RHB Mike Brown 0-0: Ball
1-0: Called Strike
1-1: Foul Ball, location: 2F
1-2: Strikes out looking
Batting: RHB Gabriel Rodríguez 0-0: Called Strike
0-1: DOUBLE (Flyball, 78D)
Batting: RHB Won-min Yi 0-0: Foul Ball, location: 2F
0-1: Fly out, F4 (Popup, 8RS)
Batting: RHB Greg Robinson 0-0: Called Strike
0-1: Swinging Strike
0-2: Ball
1-2: Foul Ball, location: 2F
1-2: Strikes out swinging
Top of the 4th over - 0 run(s), 1 hit(s), 0 error(s), 1 left on base; Buckhead 2 - Chicago 1
BOTTOM OF THE 4TH
Chicago Gold Sox batting - Pitching for Buckhead Bowties : RHP Germán Rodríguez
Batting: LHB Noel Ballard 0-0: Ball
1-0: Foul Ball, location: 2F
1-1: Called Strike
1-2: Ball
2-2: Ball
Reached via error on a dropped throw, E1
Batting: LHB Eddie Flynn 0-0: Ball
1-0: Called Strike
1-1: Foul Ball, location: 2F
1-2: SINGLE (Line Drive, 9LS)
Noel Ballard to second
Batting: LHB Sam Good 0-0: SINGLE (Groundball, 4MD)
Noel Ballard to third
Eddie Flynn to second
Batting: RHB Alfredo López 0-0: Ball
1-0: Reached on error, E5 (Groundball, 56)
Noel Ballard scores
Eddie Flynn to third
Sam Good to second
Batting: LHB Chris Hill 0-0: Ball
1-0: Foul Ball, location: 2F
1-1: Foul Ball, location: 2F
1-2: Ball
2-2: Fly out, F8 (Flyball, 8LS)
Batting: RHB Brady Ferris 0-0: Fly out, F8 (Line Drive, 8RS)
Batting: RHB Rod Jones 0-0: Foul Ball, location: 2F
0-1: Foul Ball, location: 2F
0-2: Strikes out swinging
Bottom of the 4th over - 1 run(s), 2 hit(s), 2 error(s), 3 left on base; Buckhead 2 - Chicago 2
TOP OF THE 5TH
Buckhead Bowties batting - Pitching for Chicago Gold Sox : RHP Ramón Elizondo
Batting: RHB Enrique Marroquín 0-0: Foul Ball, location: 2F
0-1: Ball
1-1: SOLO HOME RUN (Flyball, 7D), Distance : 393 ft
Batting: LHB Neil Lawson 0-0: SOLO HOME RUN (Flyball, 9LD), Distance : 353 ft
Batting: LHB Gregg Young 0-0: Fly out, F7 (Flyball, 78M)
Batting: LHB Mysterious Walker 0-0: Ball
1-0: Ball
2-0: DOUBLE (Line Drive, 9LS)
Batting: LHB Tony Martínez 0-0: Ball
1-0: Ground out 5-3 (Groundball, 15S)
Mysterious Walker to third
Batting: RHB Mike Brown 0-0: Ball
1-0: SINGLE (Groundball, 34)
Mysterious Walker scores
Pitching: RHP Denny Marshall
Batting: RHB Gabriel Rodríguez 0-0: Called Strike
0-1: SINGLE (Line Drive, 89S)
Mike Brown to second
Runner from 2nd tries for 3rd, SAFE, throw made to third
Batting: RHB Won-min Yi 0-0: Foul Ball, location: 2F
0-1: Foul Ball, location: 2F
0-2: Ball
1-2: Ball
2-2: Ball
3-2: Base on Balls
Gabriel Rodríguez to second
Batting: RHB Greg Robinson 0-0: Foul Ball, location: 2F
0-1: Ball
1-1: Ball
2-1: Foul Ball, location: 2F
2-2: Strikes out swinging
Top of the 5th over - 3 run(s), 5 hit(s), 0 error(s), 3 left on base; Buckhead 5 - Chicago 2
BOTTOM OF THE 5TH
Chicago Gold Sox batting - Pitching for Buckhead Bowties : RHP Germán Rodríguez
Batting: LHB William Wise 0-0: Foul Ball, location: 2F
0-1: Swinging Strike
0-2: Ball
1-2: Foul Ball, location: 2F
1-2: Ground out 3-1 (Groundball, 34)
Batting: LHB Melvin Castro 0-0: Swinging Strike
0-1: Ball
1-1: Ball
2-1: Foul Ball, location: 2F
2-2: Foul Ball, location: 2F
2-2: Ball
3-2: Strikes out looking
Batting: LHB Noel Ballard 0-0: Ground out U3 (Groundball, 3)
Bottom of the 5th over - 0 run(s), 0 hit(s), 0 error(s), 0 left on base; Buckhead 5 - Chicago 2
TOP OF THE 6TH
Buckhead Bowties batting - Pitching for Chicago Gold Sox : RHP Denny Marshall
Batting: RHB Enrique Marroquín 0-0: Ball
1-0: Ball
2-0: Ball
3-0: Foul Ball, location: 2F
3-1: Base on Balls
Batting: LHB Neil Lawson 0-0: Ball
1-0: Bunted foul
1-1: Bunted foul
1-2: Strikes out looking
Batting: LHB Gregg Young 0-0: Called Strike
0-1: DOUBLE (Groundball, 3L)
Enrique Marroquín to third
Runner from 3rd tries for Home, SAFE, no throw or cutoff
Batting: LHB Mysterious Walker 0-0: Called Strike
0-1: Swinging Strike
0-2: Ball
1-2: Strikes out looking
Batting: LHB Tony Martínez 0-0: Called Strike
0-1: Fly out, F2 (Popup, 3SF)
Top of the 6th over - 1 run(s), 1 hit(s), 0 error(s), 1 left on base; Buckhead 6 - Chicago 2
BOTTOM OF THE 6TH
Chicago Gold Sox batting - Pitching for Buckhead Bowties : RHP Germán Rodríguez
Batting: LHB Eddie Flynn 0-0: Swinging Strike
0-1: Swinging Strike
0-2: Strikes out swinging
Batting: LHB Sam Good 0-0: Called Strike
0-1: Ground out 6-3 (Groundball, 6)
Batting: RHB Alfredo López 0-0: Foul Ball, location: 2F
0-1: SINGLE (Groundball, 56D)
Batting: LHB Chris Hill 0-0: Foul Ball, location: 2F
0-1: Swinging Strike
0-2: Foul Ball, location: 2F
0-2: Ball
1-2: Ball
2-2: Ball
3-2: SINGLE (Groundball, 4)
Alfredo López to second
Alfredo López to third
Batting: RHB Brady Ferris 0-0: Reached on error, E5 (Groundball, 5S)
Alfredo López scores
Chris Hill to second
Batting: RHB Rod Jones 0-0: 3-RUN HOME RUN (Line Drive, 7LD), Distance : 385 ft
Batting: LHB William Wise 0-0: Ball
1-0: Called Strike
1-1: Foul Ball, location: 2F
1-2: Strikes out looking
Bottom of the 6th over - 4 run(s), 3 hit(s), 1 error(s), 0 left on base; Buckhead 6 - Chicago 6
TOP OF THE 7TH
Buckhead Bowties batting - Pitching for Chicago Gold Sox : RHP Denny Marshall
Batting: RHB Mike Brown 0-0: Called Strike
0-1: Foul Ball, location: 2F
0-2: Ball
1-2: Foul Ball, location: 2F
1-2: Fly out, F3 (Popup, 3S)
Batting: RHB Gabriel Rodríguez 0-0: Called Strike
0-1: Ball
1-1: Ball
2-1: Foul Ball, location: 2F
2-2: Ball
3-2: Base on Balls
Batting: RHB Won-min Yi 0-0: Foul Ball, location: 2F
0-1: Swinging Strike
0-2: Ball
1-2: Foul Ball, location: 2F
1-2: Ball
2-2: Ball
3-2: Foul Ball, location: 2F
3-2: Base on Balls
Gabriel Rodríguez to second
Batting: RHB Greg Robinson 0-0: Ball
1-0: Foul Ball, location: 2F
1-1: Ball
2-1: Grounds into double play, 6-4-3 (Groundball, 6M)
Top of the 7th over - 0 run(s), 0 hit(s), 0 error(s), 1 left on base; Buckhead 6 - Chicago 6
BOTTOM OF THE 7TH
Chicago Gold Sox batting - Pitching for Buckhead Bowties : RHP Germán Rodríguez
Pitching: LHP Chris Rogers
Batting: LHB Melvin Castro 0-0: Called Strike
0-1: Swinging Strike
0-2: Ball
1-2: Ball
2-2: Foul Ball, location: 2F
2-2: Ground out 4-3 (Groundball, 4)
Batting: LHB Noel Ballard 0-0: Ball
1-0: Ball
2-0: Ball
3-0: Called Strike
3-1: Foul Ball, location: 2F
3-2: Base on Balls
Batting: LHB Eddie Flynn 0-0: Called Strike
0-1: Grounds into double play, 4-6-3 (Groundball, 4)
Bottom of the 7th over - 0 run(s), 0 hit(s), 0 error(s), 0 left on base; Buckhead 6 - Chicago 6
TOP OF THE 8TH
Buckhead Bowties batting - Pitching for Chicago Gold Sox : RHP Denny Marshall
Pitching: RHP Augusto Dávila
Batting: RHB Enrique Marroquín 0-0: Called Strike
0-1: Ball
1-1: Ball
2-1: Ball
3-1: Called Strike
3-2: Base on Balls
Batting: LHB Neil Lawson 0-0: Ball
1-0: Bunt missed!
1-1: Sac Bunt - play at second, runner OUT! 1-6
Batting: LHB Gregg Young 0-0: Called Strike
0-1: Ground out 3-1 (Groundball, 34S)
Neil Lawson to second
Batting: LHB Mysterious Walker 0-0: Swinging Strike
0-1: Foul Ball, location: 2F
0-2: Ball
1-2: Foul Ball, location: 2F
1-2: Ball
2-2: Ball
3-2: Ground out 4-3 (Groundball, 4)
Top of the 8th over - 0 run(s), 0 hit(s), 0 error(s), 1 left on base; Buckhead 6 - Chicago 6
BOTTOM OF THE 8TH
Chicago Gold Sox batting - Pitching for Buckhead Bowties : LHP Chris Rogers
Batting: LHB Sam Good 0-0: Ball
1-0: Called Strike
1-1: Called Strike
1-2: Strikes out swinging, 2-3 out at first.
Batting: RHB Alfredo López 0-0: Ball
1-0: Called Strike
1-1: Ball
2-1: Ball
3-1: Base on Balls
Batting: LHB Chris Hill 0-0: Ball
1-0: Ball
2-0: Ball
3-0: Called Strike
3-1: Base on Balls
Alfredo López to second
Batting: RHB Brady Ferris 0-0: Ground out 3-1 (Groundball, 34S)
Alfredo López to third
Chris Hill to second
Batting: RHB Rod Jones 0-0: Called Strike
0-1: Ball
1-1: Ball
2-1: Ball
3-1: Swinging Strike
3-2: Strikes out swinging
Bottom of the 8th over - 0 run(s), 0 hit(s), 0 error(s), 2 left on base; Buckhead 6 - Chicago 6
TOP OF THE 9TH
Buckhead Bowties batting - Pitching for Chicago Gold Sox : RHP Augusto Dávila
Pitching: LHP Juan Júlio
Pinch Hitting: RHB Joe Andrews 0-0: Called Strike
0-1: Swinging Strike
0-2: Strikes out looking
Batting: RHB Mike Brown 0-0: Ball
1-0: Ball
2-0: Ball
3-0: Base on Balls
Batting: RHB Gabriel Rodríguez 0-0: Called Strike
Mike Brown steals 2nd base
0-1: Ball
1-1: Intentional Walk
Batting: RHB Won-min Yi 0-0: Ball
1-0: Foul Ball, location: 2F
1-1: Foul Ball, location: 2F
1-2: Strikes out looking
Batting: RHB Greg Robinson 0-0: Ball
1-0: Fielders Choice at 2nd, 6-4 (Groundball, 6)
Top of the 9th over - 0 run(s), 0 hit(s), 0 error(s), 1 left on base; Buckhead 6 - Chicago 6
BOTTOM OF THE 9TH
Chicago Gold Sox batting - Pitching for Buckhead Bowties : LHP Chris Rogers
Now at C: Albert Morales
Batting: LHB William Wise 0-0: Ball
1-0: Called Strike
1-1: Ground out 1-3 (Groundball, 13)
Batting: LHB Melvin Castro 0-0: Ball
1-0: SINGLE (Groundball, 23) (infield hit)
Batting: LHB Noel Ballard 0-0: Fly out, F6 (Line Drive, 56D)
Batting: LHB Eddie Flynn 0-0: Ball
1-0: Called Strike
1-1: Called Strike
1-2: Ball
2-2: Ball
3-2: Foul Ball, location: 2F
3-2: SINGLE (Line Drive, 9S)
Melvin Castro to second
Melvin Castro to third
Pitching: RHP Orlando Miranda
Batting: LHB Sam Good 0-0: Ball
1-0: Called Strike
1-1: Ball
2-1: Fly out, F9 (Flyball, 9LS)
Bottom of the 9th over - 0 run(s), 2 hit(s), 0 error(s), 2 left on base; Buckhead 6 - Chicago 6
TOP OF THE 10TH
Buckhead Bowties batting - Pitching for Chicago Gold Sox : LHP Juan Júlio
Batting: RHB Enrique Marroquín 0-0: Called Strike
0-1: Ball
1-1: Foul Ball, location: 2F
1-2: Strikes out looking
Batting: LHB Neil Lawson 0-0: Swinging Strike
0-1: Foul Ball, location: 2F
0-2: Strikes out swinging
Pinch Hitting: RHB Phil Baker 0-0: Ball
1-0: Fly out, F8 (Flyball, 8RXD)
Top of the 10th over - 0 run(s), 0 hit(s), 0 error(s), 0 left on base; Buckhead 6 - Chicago 6
BOTTOM OF THE 10TH
Chicago Gold Sox batting - Pitching for Buckhead Bowties : RHP Orlando Miranda
Now at C: Phil Baker
Batting: RHB Alfredo López 0-0: Ball
1-0: Called Strike
1-1: Ball
2-1: Fly out, F3 (Popup, 23F)
Batting: LHB Chris Hill 0-0: Called Strike
0-1: Swinging Strike
0-2: Foul Ball, location: 2F
0-2: Foul Ball, location: 2F
0-2: Fly out, F8 (Popup, 4MD)
Batting: RHB Brady Ferris 0-0: Foul Ball, location: 2F
0-1: Ball
1-1: Foul Ball, location: 2F
1-2: Foul Ball, location: 2F
1-2: Ground out 6-3 (Groundball, 6)
Bottom of the 10th over - 0 run(s), 0 hit(s), 0 error(s), 0 left on base; Buckhead 6 - Chicago 6
TOP OF THE 11TH
Buckhead Bowties batting - Pitching for Chicago Gold Sox : LHP Juan Júlio
Pitching: RHP Esteban Arroyo
Batting: LHB Mysterious Walker 0-0: Called Strike
0-1: Called Strike
0-2: Ball
1-2: SINGLE (Groundball, 6M)
Batting: RHB Albert Morales 0-0: Ball
1-0: Foul Ball, location: 2F
1-1: Called Strike
1-2: Foul Ball, location: 2F
1-2: Ball
2-2: Fly out, F8 (Flyball, 8LS)
Batting: RHB Mike Brown 0-0: Called Strike
0-1: Ball
1-1: Foul Ball, location: 2F
1-2: Ball
2-2: Foul Ball, location: 2F
2-2: Ball
3-2: Reached on error, E5 (Groundball, 56)
Mysterious Walker to third
Batting: RHB Gabriel Rodríguez 0-0: Ball
1-0: Ball
2-0: Called Strike
2-1: Ball
3-1: Foul Ball, location: 2F
3-2: Strikes out swinging
Batting: RHB Won-min Yi 0-0: Ball
1-0: Ball
2-0: Ball
3-0: Called Strike
3-1: Fly out, F8 (Flyball, 8RS)
Top of the 11th over - 0 run(s), 1 hit(s), 1 error(s), 2 left on base; Buckhead 6 - Chicago 6
BOTTOM OF THE 11TH
Chicago Gold Sox batting - Pitching for Buckhead Bowties : RHP Orlando Miranda
Batting: RHB Rod Jones 0-0: Ball
1-0: Foul Ball, location: 2F
1-1: Called Strike
1-2: SOLO HOME RUN (Flyball, 8RXD), Distance : 438 ft
This league is powered by Out of the Park Baseball, the baseball management simulation game for PC, Mac and Linux
Monday, October 3rd, 2016 - OOTP Baseball 16.9 Build 39